 Dungeon Crawl Stone Soup version 0.24.0-28-g17ded55e90 (webtiles) character file.

Game seed: 4466804456490750157, levelgen mode: deterministic

6736 Descartes the Thaumaturge (level 10, -6/44 HPs)
             Began as a Spriggan Air Elementalist on Nov 11, 2019.
             Was an Initiate of Gozag.
             Killed from afar by a gargoyle (24 damage)
             ... with a stone arrow
             ... on level 10 of the Dungeon.
             The game lasted 00:54:15 (17824 turns).

Descartes the Thaumaturge (SpAE)                   Turns: 17824, Time: 00:54:16

Health: -6/44      AC:  9    Str:  3    XL:     10   Next: 75%
Magic:  20/24      EV: 24    Int: 17    God:    Gozag
Gold:   1253       SH:  0    Dex: 18    Spells: 15/28 levels left

rFire    + + +     SeeInvis +   J - +4 long sword
rCold    . . .     Gourm    .   (shield restricted)
rNeg     + . .     Faith    .   E - +2 robe {MR+}
rPois    +         Spirit   .   (helmet restricted)
rElec    +         Reflect  .   M - +2 ratskin cloak {+Rats rPois rN+ Str-1 Int-1 Dex+1}
rCorr    .         Harm     .   (gloves unavailable)
MR       ++...                  (boots unavailable)
Stlth    +++.......             (no amulet)
HPRegen  0.14/turn              H - ring "Xushy" {Fire +Blink +Inv SInv}
MPRegen  0.19/turn              B - ring of Rokant {rElec rF++ rC+ SInv Stlth-}

@: very quick
A: very small, unfitting armour, icy blue scales 1, see invisible, dopey 1,
herbivore, speed 3, slow metabolism 2
a: Potion Petition, Call Merchant, Bribe Branch, Renounce Religion, Evoke Blink,
Evoke Ratskin, Evoke Invisibility


You were on level 10 of the Dungeon.
You worshipped Gozag.
Gozag was most pleased with you.
You were hungry.

You visited 3 branches of the dungeon, and saw 12 of its levels.
You also visited: Ossuary.

You collected 2035 gold pieces.
You spent 695 gold pieces at shops.
You paid 87 gold pieces to Gozag.

Inventory:

Hand Weapons
 y - a +2 falchion of freezing
 D - a +1 dagger of holy wrath
 J - a +4 long sword (weapon)
Missiles
 b - 86 sling bullets
 h - 161 stones (quivered)
 m - 33 bolts
 r - 209 arrows
 s - 4 curare-tipped darts
 K - 3 atropa-tipped darts
 N - 19 boomerangs
Armour
 E - a +2 robe of magic resistance (worn)
 M - the +2 ratskin cloak (worn) {+Rats rPois rN+ Str-1 Int-1 Dex+1}
   (You bought it in a shop on level 7 of the Dungeon)

   It affects your strength (-1).
   It affects your intelligence (-1).
   It affects your dexterity (+1).
   It protects you from poison.
   It protects you from negative energy.
Jewellery
 z - an uncursed ring of wizardry
 B - the ring of Rokant (right hand) {rElec rF++ rC+ SInv Stlth-}
   (You found it on level 5 of the Dungeon)

   [ring of see invisible]

   It greatly protects you from fire.
   It protects you from cold.
   It insulates you from electricity.
   It lets you see invisible.
   It makes you less stealthy.
 H - the ring "Xushy" (left hand) {Fire +Blink +Inv SInv}
   (You found it on level 6 of the Dungeon)

   [ring of fire]

   It enhances your fire magic.
   It protects you from fire.
   It makes you vulnerable to cold.
   It lets you see invisible.
   It lets you turn invisible.
   It lets you blink.
 L - a +3 ring of intelligence
 O - a +3 ring of protection
 P - an uncursed ring of protection from magic
Wands
 q - a wand of random effects (35)
Scrolls
 a - a scroll of immolation {unknown}
 d - 7 scrolls of teleportation
 f - 5 scrolls of amnesia
 k - 3 scrolls of magic mapping
 l - a scroll of fear {unknown}
 o - a scroll of blinking
 x - 2 scrolls of fog {unknown}
 A - 3 scrolls of remove curse
 C - a scroll of enchant weapon {unknown}
 F - a scroll of acquirement {unknown}
Potions
 e - 7 potions of curing
 g - 4 potions of flight
 i - 3 potions of might
 j - 8 potions of lignification
 n - a potion of magic {unknown}
 p - a potion of ambrosia
 t - 2 potions of haste
 v - 4 potions of cancellation
 w - a potion of heal wounds
 G - 3 potions of brilliance
 I - a potion of invisibility
Comestibles
 c - 7 rations


   Skills:
 + Level 8.5 Dodging
 + Level 9.0 Stealth
 * Level 9.6 Spellcasting
 + Level 4.1 Conjurations
 - Level 4.0 Charms
 - Level 4.0 Necromancy
 - Level 4.0 Translocations
 * Level 7.8 Air Magic
 + Level 5.5 Evocations


You had 15 spell levels left.
You knew the following spells:

 Your Spells              Type           Power        Failure   Level  Hunger
a - Shock                 Conj/Air       ####         1%          1    None
b - Regeneration          Chrm/Necr      ###.......   4%          3    None
c - Shroud of Golubria    Chrm/Tloc      ###...       2%          2    None
d - Static Discharge      Conj/Air       ####....     2%          3    None
e - Airstrike             Air            ####......   3%          4    ###....

Your spell library contained the following spells:

 Spells                   Type           Power        Failure   Level  Hunger
 Infusion                 Chrm           ###.         1%          1    None
 Swiftness                Chrm/Air       ####....     1%          2    None
 Song of Slaying          Chrm           ###.....     2%          2    None
 Gell's Gravitas          Tloc           ###.......   4%          3    None
 Confusing Touch          Hex            #.....       9%          1    None
 Spectral Weapon          Hex/Chrm       ###.....     12%         3    None
 Lightning Bolt           Conj/Air       ####......   22%         5    #####..
 Confuse                  Hex            #.......     26%         3    None
 Petrify                  Tmut/Erth      #.......     65%         4    ###....
 Metabolic Englaciation   Hex/Ice        #.........   94%         5    #####..
 Yara's Violent Unravell  Hex/Tmut       #.........   94%         5    #####..


Dungeon Overview and Level Annotations

Branches:
Dungeon (10/15)            Temple (1/1) D:5            Lair (1/6) D:10
Ossuary (visited)
    Orc: D:9-12

Altars:
Ashenzari
Cheibriados
Dithmenos
Elyvilon
Fedhas
Gozag
Hepliaklqana
Kikubaaqudgha
Makhleb
Nemelex Xobeh
Okawaru
Qazlal
Ru
Sif Muna
Trog
Uskayaw
Vehumet
Wu Jian
Xom
Yredelemnul
Zin
The Shining One
Jiyva

Shops:
D:7 [   D:8 }

Annotations:
D:9 Erica


Innate Abilities, Weirdness & Mutations

You are very small and have problems with some larger weapons.
You are too small for most types of armour.
You have supernaturally acute eyesight. (SInv)
You are a herbivore.
You cover ground extremely quickly.
You need to consume almost no food.
You are partially covered in icy blue scales. (AC +2)
You are dopey. (Int -2)


Message History

Confirm with . or Enter, or press ? or * to list all spells.
Aiming: Shock (safe; 1% risk of failure)
Press: ? - help, Shift-Dir - straight line, f/p - gargoyle
Aim: a gargoyle, wielding a +0 mace The zap hits the gargoyle but does no damage.
The gargoyle hurls a stone arrow at you.
The stone arrow misses you.
The gargoyle hurls a stone arrow at you.
The stone arrow hits you!
Casting: Shock (safe; 1% risk of failure)
Confirm with . or Enter, or press ? or * to list all spells.
Aiming: Shock (safe; 1% risk of failure)
Press: ? - help, Shift-Dir - straight line, f/p - gargoyle
Aim: a gargoyle, wielding a +0 mace The zap hits the gargoyle.
The gargoyle completely resists.
The gargoyle hurls a stone arrow at you.
The stone arrow hits you!!
Ouch! That really hurt!
You die...
Your body crumbles into a pile of gold.

### ..# ###.....F..... ..#
#########.####.'........... ..#
#...........##.#........... ..#
#...........##.#...........
..#####...........#9.#...........
.....##...........#.##...........
..##................###'#########
#######...........### #..#### ..#
######....@## ##....# #'###
###..###### ######'##### ....###
#.........# #...........
...>'.###....)....# #<..........
....#..##.........####...........
....##.##.........##.'...........
....##..#.........##.#...........
....###.#.........#..#...........
....# #.+.........'.##...........


You could see a gargoyle.

Vanquished Creatures
  A wizard (D:10)
  A spiny frog (D:10)
  A hippogriff (D:9)
  Grum (D:9)
  3 hungry ghosts
  5 orc warriors
  A necrophage (D:9)
  A sky beast (D:10)
  A black bear (D:10)
  6 ogres
  2 wolves (D:9)
  5 centaurs
  4 bullfrogs
  A gnoll sergeant (D:9)
  A wyvern zombie (D:9)
  4 water moccasin zombies (Ossuary)
  6 scorpions
  9 wights
  2 crimson imps
  4 hounds
  4 gnoll shamans
  4 jellies (D:9)
  A bullfrog skeleton (D:5)
  8 orc priests
  Jessica (D:2)
  4 iguanas
  13 orc wizards
  7 worker ants
  A big kobold zombie (Ossuary)
  2 mummies (Ossuary)
  9 adders
  27 gnolls
  A howler monkey skeleton (D:5)
  A shadow imp (D:10)
  2 oozes
  8 adder zombies (Ossuary)
  2 worms
  2 dart slugs (D:1)
  6 leopard geckos
  55 orcs
  8 giant cockroaches
  8 goblins
  7 hobgoblins
  22 jackals
  3 quokkas
  10 bats
  3 frilled lizards
  2 gnoll zombies (Ossuary)
  6 hobgoblin zombies (Ossuary)
  A jackal skeleton (D:5)
  5 kobolds
  4 kobold zombies (Ossuary)
  A leopard gecko skeleton (D:8)
  6 orc zombies (Ossuary)
  7 rats
310 creatures vanquished.

Vanquished Creatures (collateral kills)
  An orc warrior (D:7)
  3 ogres (D:7)
  A big kobold (D:7)
  A gnoll (D:7)
  3 orcs (D:7)
9 creatures vanquished.

Vanquished Creatures (others)
  6 fungi (D:7)
  7 plants (D:7)
13 creatures vanquished.

Grand Total: 332 creatures vanquished

Notes
Turn   | Place    | Note
-------+----------+-------------------------------------------
     0 | D:1      | Descartes the Spriggan Air Elementalist began the quest for
                  | the Orb.
     0 | D:1      | Reached XP level 1. HP: 9/9 MP: 5/5
   371 | D:1      | Reached XP level 2. HP: 13/13 MP: 2/6
  1333 | D:2      | Noticed Jessica
  1337 | D:2      | Killed Jessica
  1337 | D:2      | Reached XP level 3. HP: 1/16 MP: 2/8
  1655 | D:2      | Reached skill level 1 in Conjurations
  1813 | D:2      | Reached XP level 4. HP: 19/21 MP: 3/10
  2648 | D:2      | Found a burning altar of Makhleb.
  2655 | D:2      | Found a radiant altar of Vehumet.
  2853 | D:2      | Found an iron altar of Okawaru.
  2933 | D:2      | Reached XP level 5. HP: 24/24 MP: 0/11
  4361 | D:3      | Reached XP level 6. HP: 17/28 MP: 3/13
  5654 | D:4      | Learned a level 3 spell: Static Discharge
  5659 | D:4      | Learned a level 4 spell: Airstrike
  5808 | D:4      | Reached skill level 5 in Stealth
  5808 | D:4      | Reached skill level 5 in Spellcasting
  5897 | D:4      | Reached skill level 5 in Dodging
  5897 | D:4      | Reached XP level 7. HP: 31/32 MP: 9/15
  6696 | D:5      | Entered Level 5 of the Dungeon
  6834 | D:5      | Found a staircase to the Ecumenical Temple.
  6848 | Temple   | Entered the Ecumenical Temple
  6897 | Temple   | Became a worshipper of Gozag Ym Sagoz the Greedy
  7007 | D:5      | Learned a level 3 spell: Regeneration
  7010 | D:5      | Learned a level 2 spell: Shroud of Golubria
  7122 | D:4      | Reached skill level 5 in Air Magic
  7357 | D:5      | Reached skill level 1 in Translocations
  7515 | D:5      | Got a slimy lapis lazuli ring
  7534 | D:5      | Reached skill level 1 in Charms
  8014 | D:5      | Reached skill level 1 in Evocations
  8368 | D:5      | Identified the ring of Rokant {rElec rF++ rC+ SInv Stlth-}
                  | (You found it on level 5 of the Dungeon)
  8373 | D:5      | Gained mutation: You are dopey. (Int -2) [potion of
                  | mutation]
  8373 | D:5      | Gained mutation: You are partially covered in icy blue
                  | scales. (AC +2) [potion of mutation]
  8521 | D:6      | Reached XP level 8. HP: 36/36 MP: 4/18
  8578 | D:6      | Reached skill level 1 in Necromancy
  8632 | D:6      | Found a sand-covered staircase.
  8637 | Ossuary  | Entered an ossuary
 10141 | D:6      | Got a flickering bone ring
 10273 | D:6      | Identified the ring "Xushy" {Fire +Blink +Inv SInv} (You
                  | found it on level 6 of the Dungeon)
 10513 | D:7      | Found a shimmering altar of Xom.
 10516 | D:7      | Reached XP level 9. HP: 27/39 MP: 16/20
 10608 | D:7      | Found an ancient bone altar of Kikubaaqudgha.
 10617 | D:7      | Found a basalt altar of Yredelemnul.
 10617 | D:7      | Found a shimmering blue altar of Sif Muna.
 10618 | D:7      | Found a white marble altar of Elyvilon.
 11093 | D:7      | Found Xeum's Antique Armour Emporium.
 11188 | D:7      | Bought the +2 ratskin cloak {+Rats rPois rN+ Str-1 Int-1
                  | Dex+1} for 695 gold pieces
 11188 | D:7      | Found the +2 ratskin cloak {+Rats rPois rN+ Str-1 Int-1
                  | Dex+1}
 13333 | D:7      | Reached skill level 5 in Evocations
 13785 | D:8      | Found Woplasid's Gadget Shop.
 13963 | D:8      | Found a hide-covered altar of Uskayaw.
 14727 | D:8      | Reached XP level 10. HP: 44/44 MP: 18/23
 15135 | D:9      | Found a viscous altar of Jiyva.
 15630 | D:9      | Noticed Erica
 16268 | D:9      | Noticed Grum
 16286 | D:9      | Killed Grum
 16443 | D:10     | Entered Level 10 of the Dungeon
 16682 | D:10     | Noticed a wizard
 16701 | D:10     | Killed a wizard
 17084 | D:10     | Found an iron altar of Okawaru.
 17561 | D:10     | Found a staircase to the Lair.
 17590 | Lair:1   | Entered Level 1 of the Lair of Beasts
 17590 | Lair:1   | Noticed a spiny frog
 17607 | D:10     | Killed a spiny frog
 17812 | D:10     | Noticed a gargoyle
 17824 | D:10     | Killed from afar by a gargoyle

Levels and vault maps discovered:
D:1:      roderic_crop_circles_arrival_small, layout_basic
D:2:      layout_loops_ring, minitemple, marbit_many_paths, first_ration,
          uniq_jessica
D:3:      minmay_door_path, layout_basic, portal_sewer_entry_f
D:4:      layout_basic, minivault_26
D:5:      layout_gridville, temple_statues
D:6:      layout_cave_pools, enter_ossuary_5
D:7:      kennysheep_seaside_town, layout_loops_corners,
          grunt_temple_overflow_open, serial_shops, shop
D:8:      cheibrodos_quashed, layout_basic, overflow_temple_1_default,
          serial_shops, nicolae_shop_temple_entry_statues_fountains
D:9:      layout_long_grid, jiyva_altar_1, uniq_grum, uniq_erica
D:10:     layout_roguey [special_room_orc], lair_entry_dummy,
          hangedman_fish_farm, minivault_4, st_stairs_12,
          okawaru_metal_pillars_1_2
Temple:   cyrus_circular_temple
Lair:1:   layout_loops_ring, grunt_forest_large_clearing_hut

Skill      XL: |  1  2  3  4  5  6  7  8  9 10 |
---------------+-------------------------------+-----
Air Magic      | 3 4 5 6 7 |  7.8
Spellcasting   | 3 4 5 6 7 8 9 |  9.6
Conjurations   | 1 2 3 4 |  4.1
Stealth        | 4 5 6 7 9 |  9.0
Dodging        | 4 5 6 7 8 |  8.5
Translocations | 1 3 4 |  4.0
Charms         | 1 3 4 |  4.0
Evocations     | 1 3 5 |  5.5
Necromancy     | 2 3 4 |  4.0

Action                   |  1- 3 |  4- 6 |  7- 9 | 10-12 || total
-------------------------+-------+-------+-------+-------++-------
Melee: Short sword       |       |    15 |       |       ||    15
       Long sword        |       |       |     3 |       ||     3
 Cast: Shock             |    52 |   229 |   512 |   245 ||  1038
       Regeneration      |       |       |     5 |    10 ||    15
       Shroud of Golubri |       |       |     2 |     6 ||     8
       Airstrike         |       |       |       |     2 ||     2
Invok: Potion Petition   |       |       |       |     1 ||     1
 Abil: Evoke Ratskin     |       |       |     5 |     1 ||     6
       Evoke Invisibilit |       |       |       |     1 ||     1
  Use: Scroll            |       |     6 |    10 |     4 ||    20
       Potion            |       |       |     2 |     2 ||     4
  Eat: Ration            |       |     1 |     5 |     2 ||     8
Armor: Robe              |       |     2 |    26 |     7 ||    35
Dodge: Dodged            |    10 |    79 |   160 |   111 ||   360
       Rpst.: Falchion   |       |     1 |    33 |       ||    34
       Long sword        |       |       |     7 |    20 ||    27
